 Dungeon Crawl Stone Soup version 0.22-a0-369-gc73351f (webtiles) character file.

92017 iamserjio the Fighter (level 16, -6/90 HPs)
             Began as a Vine Stalker Enchanter on Apr 24, 2018.
             Was the Champion of Ru.
             Mangled by a tarantella (9 damage)
             ... on level 3 of the Spider Nest.
             The game lasted 02:17:28 (24621 turns).

iamserjio the Fighter (Vine Stalker Enchanter)     Turns: 24621, Time: 02:17:29

Health: -6/90      AC: 17    Str: 18    XL:     16   Next: 4%
Magic:  0/39       EV: 15    Int: 15    God:    Ru [******]
Gold:   1170       SH:  0    Dex: 13    Spells: 1/21 levels left

rFire    . . .     SeeInvis +   k - +5 whip (elec)
rCold    . . .     Gourm    .   U - +2 buckler {reflect}
rNeg     + . .     Faith    .   A - +5 ring mail "Zoelunoi" {rN+}
rPois    .         Spirit   +   t - +1 helmet {SInv}
rElec    .         Reflect  +   J - +2 cloak
rCorr    .         Harm     .   (no gloves)
MR       +....                  w - +1 pair of boots {run}
Stlth    +.........             L - amulet of regeneration
HPRegen  1.45/turn              g - ring of magical power
MPRegen  0.26/turn              D - ring of magical power

@: confused, lethally poisoned (-6 -> -43), exhausted, no potions, drained,
quick
A: fangs 3, clumsy 1, regeneration 2, magic shield, antimagic bite, no potion
heal 3, rot immunity, inability to drink while threatened, inability to use
devices, hated by all, magic vulnerability 1
a: Draw Out Power, Power Leap, Apocalypse, Renounce Religion


You were on level 3 of the Spider Nest.
You worshipped Ru.
Ru was exalted by your worship.
You were not hungry.

You visited 6 branches of the dungeon, and saw 24 of its levels.
You also visited: Sewer, Ice Cave and Volcano.

You collected 2360 gold pieces.
You spent 1190 gold pieces at shops.

Inventory:

Hand Weapons
 k - a +5 whip of electrocution (weapon)
 o - the +5 hand axe of Nos Beiw {protect, Int+2}
   (You found it on level 2 of the Spider Nest)

   It protects the one who uses it against injury (+AC on strike).
   It affects your intelligence (+2).
 N - the +1 dagger "Dragon's Tongue" {drain, rF++ Dex+4}
   (You found it on level 8 of the Dungeon)

   A truly terrible weapon, it drains the life of those it strikes.
   It affects your dexterity (+4).
   It greatly protects you from fire.
Armour
 f - a +2 scale mail of fire resistance
 t - a +1 helmet of see invisible (worn)
 w - a +1 pair of boots of running (worn)
 A - the +5 ring mail "Zoelunoi" (worn) {rN+}
   (You found it on level 1 of the Lair of Beasts)

   It protects you from negative energy.
 J - a +2 cloak (worn)
 S - a +3 ring mail of cold resistance
 T - a +0 shield
 U - a +2 buckler of reflection (worn)
Jewellery
 a - an uncursed ring of wizardry
 g - a ring of magical power (left hand)
 j - an uncursed ring of poison resistance {unknown}
 u - the ring "Guxiasch" {rF+ Int+2 SInv}
   (You found it on level 9 of the Dungeon)

   [ring of see invisible]

   It affects your intelligence (+2).
   It protects you from fire.
   It lets you see invisible.
 x - an uncursed ring of poison resistance {unknown}
 D - a ring of magical power (right hand)
 E - an uncursed amulet of harm {unknown}
 L - an amulet of regeneration (around neck)
 O - the ring of the Mackerel {rElec rF+ rC+ Str+2}
   (You found it on level 8 of the Dungeon)

   [ring of protection from fire]

   It affects your strength (+2).
   It protects you from fire.
   It protects you from cold.
   It insulates you from electricity.
Scrolls
 e - 5 scrolls of remove curse
 l - 4 scrolls of teleportation
 q - a scroll of holy word {unknown}
 r - 2 scrolls of immolation
 s - a scroll of silence
 y - 3 scrolls of vulnerability
 B - a scroll of identify
 C - 4 scrolls of fog
 G - 3 scrolls of magic mapping
 I - a scroll of acquirement
 K - 2 scrolls of amnesia
 P - a scroll of blinking
 W - 2 scrolls of fear
Potions
 b - 2 potions of flight {unknown}
 c - 2 potions of haste
 h - 6 potions of brilliance
 i - 7 potions of curing
 m - 4 potions of agility {unknown}
 n - 2 potions of berserk rage
 p - 4 potions of magic {unknown}
 v - 2 potions of degeneration {unknown}
 z - 2 potions of invisibility {unknown}
 F - a potion of lignification {unknown}
 H - a potion of mutation {unknown}
 M - a potion of might
 R - a potion of resistance {unknown}
Comestibles
 d - 27 rations


   Skills:
 + Level 12.8(12.4) Fighting
 - Level 4.8(4.4) Short Blades
 - Level 12.0(11.6) Maces & Flails
 - Level 0.3(0.0) Armour
 - Level 9.0(8.6) Dodging
 - Level 7.0(6.6) Stealth
 * Level 10.4(10.0) Shields
 - Level 3.0(2.6) Spellcasting
 - Level 9.6(9.2) Hexes
 + Level 7.5(7.2) Transmutations
 + Level 4.1(3.8) Earth Magic


You had one spell level left.
You knew the following spells:

 Your Spells              Type           Power        Failure   Level  Hunger
a - Corona                Hex            ####...      1%          1    #......
b - Confuse               Hex            ####....     2%          3    ###....
c - Tukima's Dance        Hex            ####....     2%          3    ###....
d - Cause Fear            Hex            ####......   9%          4    #####..
e - Ensorcelled Hibernat  Hex/Ice        ###...       9%          2    ##.....
f - Sticks to Snakes      Tmut           ###.....     3%          2    ##.....
g - Bolt of Magma         Conj/Fire/Erth #.........   99%         5    ######.


Dungeon Overview and Level Annotations

Branches:
Dungeon (11/15)            Temple (1/1) D:4            Lair (6/6) D:11
  Swamp (0/4) Lair:2       Spider (3/4) Lair:2        Slime (0/5) Lair:5
    Orc (2/2) D:11            Elf (1/3) Orc:2

Altars:
Ashenzari
Cheibriados
Dithmenos
Elyvilon
Fedhas
Gozag
Hepliaklqana
Kikubaaqudgha
Makhleb
Nemelex Xobeh
Okawaru
Qazlal
Ru
Sif Muna
Trog
Uskayaw
Vehumet
Wu Jian
Xom
Yredelemnul
Zin
The Shining One
Jiyva

Shops:
Orc:2 *?:=%


Innate Abilities, Weirdness & Mutations

You have razor-sharp teeth.
You are clumsy. (Dex -2)
You heal very quickly.
When hurt, damage is shared between your health and your magic reserves.
Your bite disrupts and absorbs the magic of your enemies.
Potions cannot restore your health.
You are immune to rotting.
You cannot drink potions while threatened.
You cannot study or use magical devices.
You are hated by all.
You are slightly vulnerable to magic. (MR-)


Message History

You feel very sick.
The demonic crawler is no longer blind.
The demonic crawler hits you! x2
* * * LOW HITPOINT WARNING * * *
The demonic crawler closely misses you. The redback bites you!
* * * LOW HITPOINT WARNING * * *
You are lethally poisoned!
The redback poisons you!
You focus your will and slow the redback in retribution!
The demonic crawler hits you but does no damage.
The demonic crawler closely misses you.
The demonic crawler hits you but does no damage.
The tarantella bites you!
* * * LOW HITPOINT WARNING * * *
You cannot drink potions in your current state!
You're too confused!
You're too exhausted to draw out your power.
* * * LOW HITPOINT WARNING * * *
You feel extremely sick.
The tarantella is no longer blind.
The tarantella bites you!
You die...

...#...[.#...##
##.#.....#....#
#....######..#. #####
########........##.#.
....^.#^(..............####
#....##........###....#..#
#...####^..#.^#...#...##
..###...ss...#..#^..#..†..
...^.....s@...#..###.###<..
.#......###...#... ##. #...
#..#..##.....##... ..#..#
#. #..#......^#.... #^.# #.
#..#..#^.#.# #... #
#####..##.### #...
###.......#..# #...
##......#..#..# #...
#...##..##^#..# #..#


You could see a demonic crawler, a tarantella and a redback.

Vanquished Creatures
  Gastronok (D:8)
  The ghost of RoseArtemis the Severer, a journeyman MiFi of Okawaru (Lair:3)
  An ettin (Orc:1)
  4 hydras
  A centaur warrior (D:9)
  2 two-headed ogres
  A merfolk avatar (Lair:6)
  4 orc high priests
  Sonja (Lair:1)
  The ghost of ololoev the Thaumaturge, a novice DEFE of Vehumet (D:8)
  4 skeletal warriors (D:11)
  A sea snake (Lair:6)
  An unseen horror (D:11)
  A lindwurm (Lair:5)
  Pikel (D:3)
  5 orc sorcerers
  A deep elf mage (D:9)
  6 orc knights
  A harpy (Lair:6)
  A manticore (D:8)
  The ghost of Demitroll the Cutter, a novice DsGl (D:5)
  13 orb spiders
  5 ugly things
  17 wolf spiders
  2 black mambas
  A molten gargoyle (Volcano)
  A centaur zombie (D:11)
  3 ice statues (IceCv)
  6 elephants (Lair:6)
  Maurice (D:8)
  A gargoyle (Volcano)
  2 torpor snails
  A smoke demon (Volcano)
  13 spiny frogs
  11 komodo dragons
  3 demonic crawlers (Spider:3)
  A tengu conjurer (D:9)
  6 rime drakes (Lair:6)
  2 red devils (Volcano)
  A queen bee (D:9)
  7 polar bears
  23 jumping spiders
  2 hornets
  4 trolls
  2 slime creatures
  9 dream sheep
  12 hippogriffs
  A vampire (D:9)
  45 redbacks
  15 tarantellas
  2 hungry ghosts
  2 fire bats (Volcano)
  4 wyverns
  20 yaks
  3 basilisks
  Grum (D:9)
  2 steam dragons
  8 wargs
  An acid dragon (D:11)
  3 insubstantial wisps (Lair:2)
  13 water moccasins
  2 porcupines
  15 ice beasts
  3 phantoms
  3 sky beasts
  19 orc warriors
  A black bear (D:8)
  6 ogres
  24 wolves
  6 centaurs
  15 crocodiles
  A big kobold (D:11)
  18 bullfrogs
  A wyvern skeleton (D:9)
  5 scorpions
  26 killer bees
  3 wights (D:6)
  2 vampire bats (D:9)
  4 electric eels
  4 lava snakes (Volcano)
  6 crimson imps
  4 hounds
  13 orc priests
  A bullfrog skeleton (D:4)
  4 bullfrog zombies
  4 jellies
  A centaur skeleton (D:8)
  A gnoll shaman (Orc:2)
  Ijyb (D:5)
  2 iguanas
  8 worker ants
  13 orc wizards
  A killer bee zombie (D:5)
  4 worker ant zombies
  19 adders
  6 gnolls
  2 river rats (Sewer)
  A shadow imp (D:5)
  3 oozes
  5 worms
  2 dart slugs
  6 leopard geckos
  53 orcs
  14 bats
  A bat zombie (D:2)
  10 giant cockroaches
  2 gnoll zombies (D:8)
  6 goblins
  6 hobgoblins
  21 jackals
  6 quokkas
  9 ball pythons
  10 frilled lizards
  10 kobolds
  A leopard gecko skeleton (D:5)
  A quokka zombie (D:6)
  36 rats
  A bush (Lair:3)
  A fungus (Lair:4)
  7 plants (Lair:6)
769 creatures vanquished.

Vanquished Creatures (others)
  A hydra (Lair:6)
  A jumping spider (Spider:1)
  2 redbacks
  A water moccasin (Lair:4)
  A hound skeleton (D:4)
  A kobold (D:11)
  13 fungi
  13 plants
33 creatures vanquished.

Grand Total: 802 creatures vanquished

Notes
Turn   | Place    | Note
-------+----------+-------------------------------------------
     0 | D:1      | iamserjio the Vine Stalker Enchanter began the quest for the Orb.
     0 | D:1      | Reached XP level 1. HP: 9/9 MP: 4/4
    58 | D:1      | Reached skill level 1 in Short Blades
   182 | D:1      | Reached XP level 2. HP: 13/13 MP: 6/6
   721 | D:1      | Reached XP level 3. HP: 17/17 MP: 7/7
  1607 | D:2      | Gained mutation: Your natural rate of healing is unusually fast. [Vine Stalker growth]
  1607 | D:2      | Reached XP level 4. HP: 21/21 MP: 9/9
  1627 | D:2      | Learned a level 3 spell: Confuse
  1685 | D:2      | Reached skill level 1 in Fighting
  2121 | D:3      | Found a glowing drain.
  2158 | Sewer    | Entered a sewer
  2221 | Sewer    | HP: 1/22 [river rat (6)]
  2232 | Sewer    | Reached XP level 5. HP: 7/25 MP: 0/10
  3057 | Sewer    | Reached XP level 6. HP: 30/30 MP: 11/11
  3342 | D:3      | Found an opulent altar of Gozag.
  3434 | D:3      | Found a blossoming altar of Fedhas.
  3615 | D:3      | Reached skill level 5 in Hexes
  3837 | D:4      | Reached XP level 7. HP: 28/35 MP: 9/12
  4105 | D:4      | Noticed Pikel
  4254 | D:3      | Killed Pikel
  4254 | D:3      | Gained mutation: You have razor-sharp teeth. [Vine Stalker growth]
  4254 | D:3      | Reached XP level 8. HP: 20/40 MP: 1/13
  4298 | D:4      | Found a staircase to the Ecumenical Temple.
  4307 | Temple   | Entered the Ecumenical Temple
  4397 | Temple   | Became a worshipper of Ru the Awakened
  4555 | D:4      | Reached skill level 5 in Stealth
  4688 | D:4      | Reached skill level 1 in Maces & Flails
  4729 | D:4      | Found a radiant altar of Vehumet.
  4980 | D:5      | Entered Level 5 of the Dungeon
  4997 | D:5      | Noticed Demitroll's ghost (novice DsGl)
  5378 | D:5      | Found a sparkling altar of Nemelex Xobeh.
  5386 | D:5      | Found a white marble altar of Elyvilon.
  5416 | D:5      | Found a shimmering altar of Xom.
  5571 | D:5      | Killed Demitroll's ghost
  5571 | D:5      | Reached XP level 9. HP: 38/45 MP: 13/14
  5638 | D:5      | Found an iron altar of Okawaru.
  5680 | D:5      | Noticed Ijyb
  5689 | D:5      | Killed Ijyb
  5963 | D:6      | Gained mutation: You are slightly vulnerable to magic. (MR-) [Ru sacrifice]
  5963 | D:6      | Reached * piety under Ru
  5995 | D:6      | Found a blossoming altar of Fedhas.
  7206 | D:7      | Found a transporter.
  7729 | D:7      | Noticed a death knight
  7790 | D:8      | Noticed a two-headed ogre
  7908 | D:8      | Noticed Gastronok
  7919 | D:8      | HP: 2/46 [orc wizard/dagger (4)]
  8063 | D:8      | Killed Gastronok
  8063 | D:8      | Reached skill level 5 in Fighting
  8063 | D:8      | Reached skill level 5 in Dodging
  8063 | D:8      | Reached XP level 10. HP: 48/51 MP: 15/15
  8332 | D:8      | Found a blossoming altar of Fedhas.
  8362 | D:8      | Noticed a manticore
  8365 | D:8      | Gained mutation: You are hated by all. [Ru sacrifice]
  8365 | D:8      | Reached ** piety under Ru
  8365 | D:8      | Reached *** piety under Ru
  8635 | D:8      | Noticed ololoev's ghost (novice DEFE)
  8641 | D:8      | Noticed Maurice
  8685 | D:8      | Killed a two-headed ogre
  8702 | D:8      | Killed ololoev's ghost
  8702 | D:8      | Reached XP level 11. HP: 56/56 MP: 16/16
  8789 | D:8      | Killed Maurice
  8930 | D:8      | Killed a manticore
  9112 | D:8      | Found a basalt altar of Yredelemnul.
  9177 | D:8      | Got a scorched dagger
  9181 | D:8      | Got a crude steel ring
  9190 | D:8      | Identified the cursed +1 dagger "Dragon's Tongue" {drain, rF++ Dex+4} (You found it on level 8 of the Dungeon)
  9212 | D:8      | Identified the ring of the Mackerel {rElec rF+ rC+ Str+2} (You found it on level 8 of the Dungeon)
  9292 | D:9      | Found an ornate altar of the Wu Jian Council.
  9306 | D:9      | Got a steaming silver ring
  9308 | D:9      | Identified the ring "Guxiasch" {rF+ Int+2 SInv} (You found it on level 9 of the Dungeon)
  9406 | D:9      | Learned a level 3 spell: Tukima's Dance
  9415 | D:9      | Noticed Grum
  9468 | D:9      | Killed Grum
  9916 | D:10     | Entered Level 10 of the Dungeon
 10006 | D:9      | Noticed a two-headed ogre
 10026 | D:9      | Killed a two-headed ogre
 10098 | D:9      | Noticed a centaur warrior
 10102 | D:9      | Noticed a deep elf mage
 10163 | D:9      | Killed a centaur warrior
 10266 | D:9      | Killed a deep elf mage
 10661 | D:9      | Gained mutation: You cannot study or use magical devices. [Ru sacrifice]
 10661 | D:9      | Reached **** piety under Ru
 10661 | D:9      | Reached ***** piety under Ru
 10945 | D:10     | HP: 3/60 [poisoned by a killer bee]
 10950 | D:10     | HP: 2/60 [poisoned by a killer bee]
 10955 | D:10     | HP: 2/60 [poisoned by a killer bee]
 10960 | D:10     | HP: 3/60 [poisoned by a killer bee]
 11079 | D:10     | Learned a level 4 spell: Cause Fear
 11082 | D:10     | Learned a level 2 spell: Ensorcelled Hibernation
 11203 | D:10     | Gained mutation: You heal very quickly. [Vine Stalker growth]
 11203 | D:10     | Reached XP level 12. HP: 37/64 MP: 12/17
 11813 | D:11     | Found a frozen archway.
 11857 | D:11     | Reached skill level 10 in Maces & Flails
 11884 | IceCv    | Entered an ice cave
 12662 | D:11     | Found a sparkling altar of Nemelex Xobeh.
 12869 | D:11     | Found a staircase to the Lair.
 12935 | D:11     | Found a staircase to the Orcish Mines.
 13256 | Orc:1    | Entered Level 1 of the Orcish Mines
 13306 | Orc:1    | Noticed an orc high priest
 13428 | D:11     | Killed an orc high priest
 13515 | Orc:2    | Entered Level 2 of the Orcish Mines
 13591 | Orc:2    | Found Aruigy's Jewellery Boutique.
 13602 | Orc:2    | Bought an uncursed amulet of regeneration for 480 gold pieces
 13640 | Orc:2    | Reached XP level 13. HP: 67/71 MP: 18/18
 13709 | Orc:2    | Reached skill level 10 in Fighting
 13798 | Orc:1    | Noticed an ettin
 13813 | Orc:1    | Killed an ettin
 13949 | Orc:2    | Found a staircase to the Elven Halls.
 14238 | Orc:1    | Reached skill level 1 in Shields
 14433 | Elf:1    | Entered Level 1 of the Elven Halls
 14801 | Orc:2    | Found Bykiesav's Food Boutique.
 14801 | Orc:2    | Found Yvarrue's General Store.
 14803 | Orc:2    | Found Jirusi's Book Boutique.
 14803 | Orc:2    | Found Exzou's Magic Scroll Shoppe.
 14817 | Orc:2    | Bought a scroll of identify for 34 gold pieces
 14817 | Orc:2    | Bought 2 potions of might for 136 gold pieces
 14817 | Orc:2    | Bought a scroll of fear for 59 gold pieces
 14819 | Orc:2    | Bought a scroll of identify for 28 gold pieces
 14819 | Orc:2    | Bought a scroll of identify for 28 gold pieces
 14829 | Orc:2    | Bought a scroll of enchant armour for 105 gold pieces
 14898 | Orc:2    | Bought an uncursed ring of magical power for 320 gold pieces
 15067 | Orc:1    | Learned a level 2 spell: Sticks to Snakes
 15155 | Lair:1   | Entered Level 1 of the Lair of Beasts
 15244 | Lair:1   | Found a dark tunnel.
 15270 | Lair:1   | Noticed Sonja
 15289 | Volcano  | Entered a volcano
 15410 | Volcano  | Reached skill level 1 in Transmutations
 15482 | Volcano  | Found a bloodstained altar of Trog.
 15574 | Volcano  | Paralysed by an orc sorcerer for 6 turns
 15641 | Lair:1   | Identified a +1 pair of boots of running (You found it in a volcano)
 15693 | Lair:1   | Killed Sonja
 15798 | Lair:1   | Got a scorched ring mail
 16636 | Lair:2   | Reached skill level 5 in Shields
 16658 | Lair:2   | Reached XP level 14. HP: 48/79 MP: 19/19
 16915 | Lair:2   | Found a hole to the Spider Nest.
 17109 | Lair:2   | Found a staircase to the Swamp.
 17567 | Lair:3   | Gained mutation: You cannot drink potions while threatened. [Ru sacrifice]
 17721 | Lair:3   | Noticed RoseArtemis's ghost (journeyman MiFi)
 17765 | Lair:2   | Identified a scroll of acquirement
 17777 | Lair:2   | Identified the +5 ring mail "Zoelunoi" {rN+} (You found it on level 1 of the Lair of Beasts)
 17894 | Lair:3   | Killed RoseArtemis's ghost
 19517 | Lair:5   | Gained mutation: You are clumsy. (Dex -2) [Ru sacrifice]
 19517 | Lair:5   | Reached ****** piety under Ru
 19695 | Lair:5   | Found a staircase to the Slime Pits.
 19699 | Lair:5   | Found a viscous altar of Jiyva.
 19885 | Lair:5   | Reached skill level 5 in Transmutations
 20339 | Lair:6   | Entered Level 6 of the Lair of Beasts
 20903 | Lair:6   | Reached XP level 15. HP: 70/84 MP: 20/20
 21374 | Lair:6   | Learned a level 5 spell: Bolt of Magma
 21544 | Spider:1 | Entered Level 1 of the Spider Nest
 21688 | Spider:1 | Reached skill level 1 in Earth Magic
 23127 | Spider:2 | Got a transparent hand axe
 23157 | Spider:2 | Identified the +5 hand axe of Nos Beiw {protect, Int+2} (You found it on level 2 of the Spider Nest)
 23647 | Spider:2 | Reached skill level 10 in Shields
 24350 | Spider:3 | Reached XP level 16. HP: 90/90 MP: 21/21
 24621 | Spider:3 | HP: 3/90 [poisoned by a redback]
 24621 | Spider:3 | Mangled by a tarantella

Vault maps used:
D:1:      dpeg_arrival_water_temple_mockup
D:2:      minmay_domino_2
D:3:      grunt_gozag_breadcrumbs, portal_sewer_entry_a, fedhas_altar_1
D:4:      nicolae_overflow_hidden_temple, temple_statues, first_ration,
          uniq_pikel
D:5:      grunt_temple_overflow_open, lemuel_doored_altar,
          kennysheep_little_box, uniq_ijyb
D:6:      lemuel_round_altar, serial_bayou, serial_bayou_pond_e,
          serial_bayou_pond_b, serial_bayou_pond_d, serial_bayou_lagoon_b
D:7:      gammafunk_the_bubble, minmay_crystal_water
D:8:      minmay_the_grid_triangle_9x9_rhombus_thin,
          lemuel_zombie_altar_yredelemnul, uniq_maurice, uniq_gastronok
D:9:      lemuel_round_altar, david_nohive_1, roderic_batcave, minmay_evil_grid,
          uniq_grum
D:11:     erik_lair_orcish_takeover, orc_0_dummy,
          portal_ice_cave_entry_ice_beasts, kennysheep_pointless_box,
          lemuel_statue_altar
Temple:   nicolae_temple_god_jail
Lair:1:   nicolae_volcano_entry_two_sided, hangedman_lair_generics_rect,
          uniq_sonja
Lair:2:   minmay_swamp_entry_wisps, nicolae_spider_entry_non_spiders,
          serial_bayou_pond_a
Lair:3:   wad_woods_06
Lair:4:   grunt_megastairs_2
Lair:5:   slime_altar_1, serial_bayou_pond_d, beast_lair_carwin_1
Lair:6:   gammafunk_lair_ancient_temple, lookout_lair_type, st_stairs_8
Spider:2: nicolae_spider_cling_ruins
Orc:2:    grunt_orc_tribal_feast, serial_shops, shop
Elf:1:    eino_elf_arrival_altar, serial_sigils, serial_sigils_hangedman_etch,
          serial_sigils_hangedman_carve, serial_sigils_hangedman_clutch,
          serial_sigils_hangedman_scratch, serial_sigils_hangedman_stare,
          abandoned_shop, uniq_kirke
Sewer:    sewer_minmay_w
IceCv:    ice_cave_statue_garden_chambered
Volcano:  volcano_lake

Skill      XL: |  1  2  3  4  5  6  7  8  9 10 11 12 13 14 15 |
---------------+----------------------------------------------+-----
Short Blades   | 1 2 3 4 |  4.8
Fighting       | 1 2 3 5 6 8 9 11 12 | 12.8
Spellcasting   | 3 |  3.0
Hexes          | 4 5 6 7 8 9 |  9.6
Dodging        | 2 3 5 6 8 9 |  9.0
Stealth        | 4 6 7 |  7.0
Maces & Flails | 2 6 7 9 12 | 12.0
Shields        | 5 8 10 | 10.4
Transmutations | 2 5 7 |  7.5
Earth Magic    | 4 |  4.1
Armour         | |  0.3

Action                   |  1- 3 |  4- 6 |  7- 9 | 10-12 | 13-15 | 16-18 || total
-------------------------+-------+-------+-------+-------+-------+-------++-------
Melee: Dagger            |   102 |   346 |    70 |       |       |       ||   518
       Bite              |    19 |    65 |   111 |   304 |   573 |    15 ||  1087
       Whip              |       |       |   299 |   935 |  1854 |    61 ||  3149
 Cast: Corona            |     3 |     1 |       |       |     1 |       ||     5
       Confuse           |       |    17 |    47 |    54 |    35 |       ||   153
Invok: Sacrifice Essence |       |       |     1 |       |       |       ||     1
       Sacrifice Love    |       |       |       |     1 |       |       ||     1
       Draw Out Power    |       |       |       |     1 |     2 |     1 ||     4
       Sacrifice Artific |       |       |       |     1 |       |       ||     1
       Reject Sacrifices |       |       |       |     1 |       |       ||     1
       Power Leap        |       |       |       |       |     1 |       ||     1
       Sacrifice Purity  |       |       |       |       |     1 |       ||     1
       Sacrifice Drink   |       |       |       |       |     1 |       ||     1
       Apocalypse        |       |       |       |       |     1 |       ||     1
Evoke: Wand              |       |       |     1 |       |       |       ||     1
  Use: Scroll            |     1 |     7 |     6 |     9 |    14 |     3 ||    40
       Potion            |       |       |     3 |     1 |     3 |       ||     7
 Stab: Sleeping          |    13 |     6 |    14 |     9 |    10 |     2 ||    54
       Confused          |       |     6 |    29 |    27 |    25 |       ||    87
       Distracted        |       |     1 |       |     7 |     7 |     1 ||    16
       Paralysed         |       |       |     2 |       |    11 |       ||    13
       Invisible         |       |       |       |     6 |    21 |       ||    27
  Eat: Chunk             |     2 |    10 |    13 |    18 |    24 |       ||    67
       Ration            |       |       |     2 |     3 |     4 |     1 ||    10
Armor: Robe              |    19 |    53 |    29 |    75 |       |       ||   176
       Chain mail        |       |       |       |   102 |   252 |       ||   354
       Ring mail         |       |       |       |       |   339 |    36 ||   375
Dodge: Dodged            |    57 |   214 |   167 |   405 |   772 |    51 ||  1666
Block: Buckler           |       |       |       |       |   164 |    20 ||   184

Table legend:
 A = Spawn XP
 B = Non-spawn XP
 C = Spawn XP percentage of total XP
 D = Spawn monster count
 E = Non-spawn monster count
 F = Spawn count percentage of total count
 G = Total turns spent on level
                    A         B        C        D         E        F      G
               +---------+---------+-------+---------+---------+-------+---------
         Total |       0 |  131453 |   0.0 |       0 |     765 |   0.0 | 24621
               +---------+---------+-------+---------+---------+-------+---------
           D:1 |       0 |      47 |   0.0 |       0 |      25 |   0.0 |  1223
           D:2 |       0 |      80 |   0.0 |       0 |      28 |   0.0 |   875
           D:3 |       0 |     804 |   0.0 |       0 |      26 |   0.0 |   783
           D:4 |       0 |     622 |   0.0 |       0 |      17 |   0.0 |  1187
           D:5 |       0 |     978 |   0.0 |       0 |      19 |   0.0 |   567
           D:6 |       0 |    1259 |   0.0 |       0 |      25 |   0.0 |  1192
           D:7 |       0 |      80 |   0.0 |       0 |      11 |   0.0 |   939
           D:8 |       0 |    6887 |   0.0 |       0 |      44 |   0.0 |  1354
           D:9 |       0 |    5863 |   0.0 |       0 |      52 |   0.0 |  1505
          D:10 |       0 |    2038 |   0.0 |       0 |      24 |   0.0 |  1000
          D:11 |       0 |    8470 |   0.0 |       0 |      48 |   0.0 |  1178
        Lair:1 |       0 |    5482 |   0.0 |       0 |      23 |   0.0 |  1083
        Lair:2 |       0 |    5705 |   0.0 |       0 |      33 |   0.0 |   995
        Lair:3 |       0 |    4938 |   0.0 |       0 |      18 |   0.0 |  1047
        Lair:4 |       0 |    8553 |   0.0 |       0 |      39 |   0.0 |   895
        Lair:5 |       0 |    4828 |   0.0 |       0 |      15 |   0.0 |   910
        Lair:6 |       0 |   16002 |   0.0 |       0 |      51 |   0.0 |  1118
      Spider:1 |       0 |   14592 |   0.0 |       0 |      41 |   0.0 |  1473
      Spider:2 |       0 |   13482 |   0.0 |       0 |      42 |   0.0 |  1025
      Spider:3 |       0 |   10047 |   0.0 |       0 |      37 |   0.0 |   579
         Orc:1 |       0 |    3437 |   0.0 |       0 |      23 |   0.0 |   547
         Orc:2 |       0 |    9600 |   0.0 |       0 |      54 |   0.0 |  1224
         Sewer |       0 |     336 |   0.0 |       0 |      45 |   0.0 |  1053
         IceCv |       0 |    3260 |   0.0 |       0 |      11 |   0.0 |   422
       Volcano |       0 |    4063 |   0.0 |       0 |      14 |   0.0 |   341
               +---------+---------+-------+---------+---------+-------+---------
